 Dungeon Crawl Stone Soup version 0.13.0-59-g13bd910 (webtiles) character file.

70759 Brokkr the Bludgeoner (level 15, 0/97 HPs)
             Began as a Gargoyle Fighter on Nov 17, 2013.
             Was the Champion of Makhleb.
             Slain by Saint Roka
             ... wielding a +2,+3 dire flail of holy wrath
              (27 damage)
             ... on Level 4 of the Snake Pit.
             The game lasted 02:48:18 (23948 turns).

Brokkr the Bludgeoner (Gargoyle Fighter)           Turns: 23948, Time: 02:48:18

HP   0/97        AC 34     Str 22      XL: 15   Next: 29%
MP  23/23        EV 11     Int  7 (10) God: Makhleb [******]
Gold 1581        SH 27     Dex 12      Spells:  0 memorised, 14 levels left

Res.Fire  : + . .   See Invis. : .   G - +5,+0 eveningstar (holy)
Res.Cold  : + . .   Warding    : +   M - +2 plate armour {rF+}
Life Prot.: + + .   Conserve   : .   i - +2 shield of the Twelve Planets {MR+ Acc+4 Dam-4 Stlth-}
Res.Poison: +       Res.Corr.  : .   O - +0 helmet
Res.Elec. : +       Clarity    : .   A - +0 cloak
Sust.Abil.: . .     Spirit.Shd : .   Y - +1 pair of dwarf gloves
Res.Mut.  : .       Stasis     : .   f - +0 pair of orc boots
Res.Rott. : +       Flight     : .   q - amulet of warding
Saprovore : . . .                    b - ring of protection from cold
                                     L - +6 ring of evasion

@: burdened, about to teleport, slow, very resistant to hostile enchantments,
extremely unstealthy
A: large and strong wings, fangs 1, talons 2, life protection 1, electricity
resistance, slow metabolism 1, unbreathing, petrification resistance, AC +11
a: Fly, Minor Destruction, Lesser Servant of Makhleb, Major Destruction, Greater
Servant of Makhleb, Renounce Religion


You were on level 4 of the Snake Pit.
You worshipped Makhleb.
Makhleb was exalted by your worship.
You were encumbered.
You were not hungry.

You visited 3 branches of the dungeon, and saw 23 of its levels.
You also visited: Volcano.

You collected 1561 gold pieces.

Inventory:

Hand weapons
 G - a +5,+0 eveningstar of holy wrath (weapon)
 X - a +6,+3 dwarven morningstar
Armour
 f - a +0 pair of orcish boots (worn)
 i - the +2 shield of the Twelve Planets (worn) {MR+ Acc+4 Dam-4 Stlth-}
   (You acquired it on level 10 of the Dungeon)

   It affects your accuracy (+4).
   It affects your damage-dealing abilities (-4).
   It affects your resistance to hostile enchantments.
   It makes you much less stealthy.
 A - a +0 cloak (worn)
 K - a +1 plate armour of fire resistance
 M - a +2 plate armour of fire resistance (worn)
 O - a +0 helmet (worn)
 Y - a +1 pair of dwarven gloves (worn)
Magical devices
 e - a wand of confusion (14) {unknown}
 D - a wand of fire (6)
 H - a wand of digging (4) {unknown}
Comestibles
 d - 12 bread rations
 g - 11 sultanas
 m - 5 lychees
 x - 7 meat rations
 z - 3 chunks of anaconda flesh
 J - a rambutan
 Q - 2 apples
 V - 9 chokos
 Z - 7 lemons
Scrolls
 c - a scroll of amnesia
 h - 7 scrolls of remove curse
 l - a scroll of teleportation
 p - a scroll of blinking
 v - a scroll of magic mapping
 B - a scroll of brand weapon {unknown}
Jewellery
 a - an uncursed ring of positive energy
 b - a ring of protection from cold (right hand)
 q - an amulet of warding (around neck)
 s - the amulet "Wiupiv" {Cons rF+ SInv Stlth++, unknown}
   (You acquired it on level 3 of the Snake Pit)

   [amulet of conservation]

   It protects you from fire.
   It enhances your eyesight.
   It makes you much more stealthy.
 u - an uncursed amulet of resist corrosion
 y - an uncursed ring of sustenance
 L - a +6 ring of evasion (left hand)
 N - an uncursed amulet of clarity {unknown}
 T - an uncursed amulet of the gourmand
 W - a +3 ring of protection
Potions
 j - a potion of paralysis {unknown}
 k - 2 potions of restore abilities {unknown}
 n - 5 potions of brilliance
 o - 4 potions of heal wounds
 r - 10 potions of curing
 t - 3 potions of mutation {unknown}
 w - a potion of beneficial mutation {unknown}
 C - a potion of invisibility
 F - 2 potions of agility
 I - 2 potions of poison {unknown}
 P - 3 potions of berserk rage {unknown}
 R - 2 potions of speed {unknown}
 S - a potion of confusion {unknown}
 U - 3 potions of might
Miscellaneous
 E - a box of beasts


   Skills:
 * Level 14.4 Fighting
 * Level 18.8 Maces & Flails
 + Level 10.8 Armour
 - Level 0.1 Dodging
 - Level 10.5 Shields
 * Level 5.7 Invocations


You had 14 spell levels left.
You didn't know any spells.

Dungeon Overview and Level Annotations

Branches:
Dungeon (13/27)            Temple (0/1) D:6             Orc (0/4) D:6
   Lair (6/8) D:13         Shoals (0/5) Lair:4        Snake (4/5) Lair:6
  Slime (0/6) Lair:6

Altars:
Ashenzari
Makhleb
Trog
Xom
the Shining One

Shops:
D:5 [   D:7 *   D:8 ?

Annotations:
D:12 exclusion: orange crystal statue
Snake:4 Saint Roka


Innate Abilities, Weirdness & Mutations

You are resistant to torment.
You are immune to poison.
You can fly continuously.
Your stone body is very resilient (AC +11).
Your wings are large and strong.
You have very sharp teeth.
You have razor-sharp toenails.
You resist negative energy.
You are resistant to electric shocks.
You have a slow metabolism.
You can survive without breathing.
You are immune to petrification.


Message History

You hit Saint Roka but do no damage.
Saint Roka is lightly wounded.
Saint Roka hits you with a runed dire flail!
Drink which item? (? for menu, Esc to quit)
You feel much better.
Saint Roka roars a battle-cry!
The orc goes into a battle-frenzy!
Saint Roka hits you with a runed dire flail!
You puncture Saint Roka!
Saint Roka is lightly wounded.
You hit Saint Roka but do no damage.
Saint Roka is lightly wounded.
Saint Roka mumbles some strange prayers to Beogh against you.
Something smites you!
* * * LOW HITPOINT WARNING * * *
Read which item? (? for menu, Esc to quit)
As you read the scroll of teleportation, it crumbles to dust.
You feel strangely unstable.
Saint Roka hits you with a runed dire flail!
You die...

..........o......
......oO........#
................#
####'o#.........##
#.....#........##
#...'#o.......##
#..o'O.........##
#.oo##..........#
#.#.#@#..........#
# #####..........#
................#
.........!.....##
####+####.###...#
### #...# #..##
#.## #.##


You could see Saint Roka, an orc warrior and an orc (frenzied).

Vanquished Creatures
  Aizul (Snake:3)
  Gastronok (D:10)
  Harold (D:11)
  Josephine (D:11)
  A hydra (Lair:5)
  5 anacondas
  Erica (D:11)
  10 death yaks (Lair:4)
  3 naga warriors
  Erolcha (D:11)
  An unseen horror (D:10)
  The ghost of Onato123 the Carver, an experienced MiBe of Trog (D:5)
  5 hill giants
  A necromancer (Lair:3)
  3 griffons (Lair:4)
  3 cyclopes
  27 black mambas
  The ghost of Brokkr the Slicer, an experienced KoBe of Trog (D:6)
  Maurice (D:8)
  A queen ant (Lair:6)
  5 spiny frogs
  A fire drake (Lair:2)
  2 naga magi (Snake:1)
  2 komodo dragons
  3 trolls (D:13)
  8 blink frogs
  A grizzly bear (Lair:2)
  A two-headed ogre (D:10)
  3 basilisks
  A shadow (D:12)
  2 wyverns
  2 elephant slugs
  3 water elementals
  32 yaks
  3 sharks (Lair:1)
  5 ugly things (D:13)
  7 hippogriffs
  A wraith (D:12)
  3 toenail golems (Volcano)
  A hill giant skeleton (D:13)
  10 wolves
  2 hungry ghosts
  7 manticores
  15 soldier ants (Lair:6)
  4 vampire mosquitoes (D:12)
  7 orc warriors
  6 necrophages (Lair:4)
  6 porcupines
  A mottled dragon (D:12)
  31 nagas
  4 sky beasts
  8 ogres
  4 giant goldfish
  4 crocodiles
  3 ice beasts
  6 humans (Volcano)
  A boring beetle (Lair:4)
  2 tengu (D:9)
  A phantom (D:6)
  A brain worm (D:12)
  19 centaurs
  2 big kobolds
  6 giant slugs
  12 giant frogs
  Blork the orc (D:8)
  An agate snail (Lair:1)
  A giant slug zombie (Lair:3)
  21 water moccasins
  A cyclops zombie (D:13)
  A warg (Snake:4)
  4 killer bees (D:9)
  An eye of draining (D:10)
  A troll zombie (D:11)
  A hippogriff skeleton (D:11)
  3 goliath beetles
  7 jellyfish
  17 electric eels
  A giant frog zombie (D:9)
  7 crimson imps
  3 jellies
  9 orc priests
  A black bear skeleton (D:6)
  2 basilisk zombies (Lair:3)
  8 iguanas
  10 hounds
  14 orc wizards
  13 big fish
  A quasit (D:10)
  2 scorpions
  6 sheep (Lair:3)
  35 worker ants
  A crocodile zombie (Lair:3)
  Jessica (D:3)
  A giant frog simulacrum (D:11)
  A hound zombie (D:9)
  A worker ant zombie (D:7)
  3 gnolls (D:4)
  52 adders
  A giant centipede (Lair:6)
  26 green rats
  4 giant mites
  7 worms
  A scorpion zombie (D:11)
  An adder zombie (D:9)
  A giant centipede zombie (D:10)
  5 giant eyeballs
  10 giant geckos
  56 orcs
  14 bats
  A bat skeleton (D:6)
  4 giant cockroaches
  9 hobgoblins
  30 jackals
  15 quokkas
  5 ball pythons
  12 giant newts
  2 giant spores
  12 goblins
  A hobgoblin zombie (D:7)
  26 kobolds
  2 orc skeletons
  An orc zombie (D:11)
  24 rats
  2 ballistomycetes
  2 fungi
823 creatures vanquished.

Vanquished Creatures (collateral kills)
  A naga warrior (Snake:3)
  A naga (Snake:3)
2 creatures vanquished.

Vanquished Creatures (others)
  A komodo dragon (Lair:6)
  A water elemental (D:12)
  A sky beast (D:6)
  A worker ant (Lair:6)
  2 orc wizards
  2 orcs
  A fungus (Lair:1)
9 creatures vanquished.

Grand Total: 834 creatures vanquished

Notes
Turn   | Place    | Note
--------------------------------------------------------------
     0 | D:1      | Brokkr, the Gargoyle Fighter, began the quest for the Orb.
     0 | D:1      | Reached XP level 1. HP: 14/14 MP: 0/0
   179 | D:1      | Reached XP level 2. HP: 17/19 MP: 1/1
   610 | D:1      | Reached XP level 3. HP: 24/24 MP: 2/2
   999 | D:2      | Reached skill level 4 in Armour
   999 | D:2      | Reached XP level 4. HP: 10/28 MP: 3/3
  1921 | D:2      | Reached XP level 5. HP: 27/33 MP: 4/4
  2306 | D:3      | Noticed Jessica
  2312 | D:3      | Killed Jessica
  2709 | D:3      | Reached XP level 6. HP: 30/39 MP: 5/5
  3079 | D:3      | Found a shimmering altar of Xom.
  3081 | D:3      | Found a shattered altar of Ashenzari.
  3395 | D:4      | HP: 1/39 [centaur/arrow (11)]
  3404 | D:4      | Reached skill level 5 in Shields
  3404 | D:4      | Reached XP level 7. HP: 25/44 MP: 6/6
  3406 | D:4      | Reached skill level 5 in Maces & Flails
  3668 | D:4      | Reached skill level 5 in Fighting
  3981 | D:4      | Got a heavily runed tin ring
  4402 | D:4      | Paralysed by a giant eyeball for 2 turns
  4491 | D:5      | Entered Level 5 of the Dungeon
  4507 | D:5      | Found Tezowe Necon's Armour Emporium.
  4600 | D:5      | Found a burning altar of Makhleb.
  4606 | D:5      | Became a worshipper of Makhleb the Destroyer
  4677 | D:5      | Reached skill level 5 in Armour
  4768 | D:5      | Noticed Onato123's ghost (experienced MiBe)
  4809 | D:5      | Killed Onato123's ghost
  4809 | D:5      | Reached skill level 7 in Maces & Flails
  4809 | D:5      | Reached XP level 8. HP: 31/49 MP: 7/7
  5256 | D:6      | Noticed Brokkr's ghost (experienced KoBe)
  5272 | D:6      | Killed Brokkr's ghost
  5295 | D:6      | Found a staircase to the Orcish Mines.
  5368 | D:6      | Reached skill level 8 in Maces & Flails
  5373 | D:6      | Acquired Makhleb's first power
  5401 | D:6      | Reached XP level 9. HP: 49/55 MP: 8/8
  5679 | D:6      | Identified the cursed ring "Xakk" {+/*Tele Dam+1} (You found it on level 4 of the Dungeon)
  5763 | D:6      | Found a staircase to the Ecumenical Temple.
  6251 | D:7      | Paralysed by a giant eyeball for 3 turns
  6258 | D:7      | Paralysed by a giant eyeball for 3 turns
  6265 | D:7      | Paralysed by a giant eyeball for 2 turns
  6271 | D:7      | Acquired Makhleb's second power
  6327 | D:7      | Found a bloodstained altar of Trog.
  6355 | D:7      | Reached skill level 9 in Maces & Flails
  6587 | D:7      | Found Kuoschoa's General Store.
  6911 | D:8      | Noticed Blork the orc
  6931 | D:8      | Killed Blork the orc
  7005 | D:8      | Found Janask's Magic Scroll Shoppe.
  7005 | D:8      | Noticed a cyclops
  7196 | D:8      | Killed a cyclops
  7308 | D:8      | Noticed Maurice
  7320 | D:8      | Paralysed by a giant eyeball for 4 turns
  7330 | D:8      | Paralysed by a giant eyeball for 2 turns
  7552 | D:8      | Reached skill level 10 in Maces & Flails
  7560 | D:8      | Acquired Makhleb's third power
  7802 | D:8      | Paralysed by a giant eyeball for 4 turns
  7892 | D:8      | Killed Maurice
  7892 | D:8      | Reached XP level 10. HP: 50/61 MP: 9/9
  8373 | D:9      | Reached skill level 11 in Maces & Flails
  8700 | D:9      | Acquired Makhleb's fourth power
  8963 | D:10     | Entered Level 10 of the Dungeon
  8963 | D:10     | Noticed a hill giant
  8973 | D:10     | Killed a hill giant
  9259 | D:10     | Noticed a hill giant
  9271 | D:10     | Killed a hill giant
  9275 | D:10     | Reached skill level 12 in Maces & Flails
  9395 | D:10     | Reached XP level 11. HP: 68/68 MP: 10/10
  9423 | D:10     | Noticed Gastronok
  9444 | D:10     | Killed Gastronok
  9489 | D:10     | Identified a scroll of acquirement
  9492 | D:10     | Got a faintly humming shield
  9511 | D:10     | Identified the +2 shield of the Twelve Planets {MR+ Acc+4 Dam-4 Stlth-} (You acquired it on level 10 of the Dungeon)
 10387 | D:10     | Killed an unseen horror
 10534 | D:11     | Reached skill level 13 in Maces & Flails
 10544 | D:11     | Acquired Makhleb's fifth power
 10572 | D:11     | Reached skill level 10 in Fighting
 10596 | D:11     | Noticed a hill giant
 10618 | D:11     | Killed a hill giant
 10634 | D:11     | Noticed Harold
 10655 | D:11     | Killed Harold
 10677 | D:11     | Noticed Erolcha
 10700 | D:11     | Killed Erolcha
 10883 | D:11     | Reached XP level 12. HP: 54/75 MP: 11/11
 10911 | D:11     | Noticed Josephine
 11178 | D:11     | Noticed Erica
 11200 | D:11     | Killed Josephine
 11273 | D:11     | Killed Erica
 11273 | D:11     | Reached skill level 14 in Maces & Flails
 11760 | D:12     | Reached skill level 10 in Shields
 13090 | D:13     | Found a glowing golden altar of the Shining One.
 13665 | D:13     | Reached skill level 15 in Maces & Flails
 13917 | D:13     | Found a staircase to the Lair.
 13942 | D:13     | Reached XP level 13. HP: 81/81 MP: 12/12
 14259 | Lair:1   | Entered Level 1 of the Lair of Beasts
 14827 | Lair:1   | Reached skill level 1 in Invocations
 15827 | Lair:2   | Found a glowing golden altar of the Shining One.
 15975 | Lair:2   | Found a dark tunnel.
 15981 | Volcano  | Entered a volcano
 16016 | Volcano  | Reached skill level 16 in Maces & Flails
 18138 | Lair:4   | Found a staircase to the Shoals.
 18610 | Lair:4   | Reached skill level 10 in Armour
 18927 | Lair:5   | Gained mutation: Your wings are large and strong. [gargoyle growth]
 18927 | Lair:5   | Reached XP level 14. HP: 89/89 MP: 19/19
 18984 | Lair:5   | Reached skill level 17 in Maces & Flails
 20257 | Lair:6   | Found a staircase to the Slime Pits.
 20330 | Lair:6   | Found a staircase to the Snake Pit.
 20686 | Lair:6   | Reached skill level 18 in Maces & Flails
 20928 | Snake:1  | Entered Level 1 of the Snake Pit
 21062 | Snake:1  | Found a burning altar of Makhleb.
 21578 | Snake:1  | Got a pitted lead ring
 21618 | Snake:1  | Reached skill level 5 in Invocations
 22555 | Snake:2  | Reached XP level 15. HP: 96/96 MP: 22/22
 23205 | Snake:3  | Noticed Aizul
 23225 | Snake:3  | Killed Aizul
 23514 | Snake:3  | Identified the ring of Obsession {rPois rN+} (You found it on level 1 of the Snake Pit)
 23867 | Snake:3  | Got a faintly glowing bronze amulet
 23924 | Snake:4  | Noticed Saint Roka
 23948 | Snake:4  | Slain by Saint Roka

Action                   |  1- 3 |  4- 6 |  7- 9 | 10-12 | 13-15 || total
-------------------------+-------+-------+-------+-------+-------++-------
Melee: Mace              |   108 |   160 |       |       |       ||   268
       Flail             |       |   141 |   383 |       |       ||   524
       Whip              |       |       |    37 |       |       ||    37
       Morningstar       |       |       |    86 |  1138 |  1608 ||  2832
       Eveningstar       |       |       |       |       |   454 ||   454
Throw: Dart              |     2 |       |     6 |       |       ||     8
       Spear             |     1 |     2 |     4 |     4 |       ||    11
Invok: Minor Destruction |       |       |       |       |     1 ||     1
Evoke: Wand              |       |       |       |     3 |     9 ||    12
  Use: Potion            |       |     2 |     1 |     7 |     8 ||    18
       Scroll            |       |     3 |     4 |    21 |    23 ||    51
 Stab: Distracted        |       |       |       |       |     1 ||     1
